TOP OF THE 1ST |
Amarillo Warheads batting - Pitching for Tulsa Otters : RHP Chang-ho Kim
|
Pitching: RHP Chang-ho Kim
|
|
Batting: LHB Alejandro Suárez
|
0-0: Called Strike 0-1: Foul Ball, location: 2F 0-2: TRIPLE (Flyball, 89D, EV 106.2 MPH)
|
Batting: RHB Danny Fox
|
0-0: Ball 1-0: Called Strike 1-1: Swinging Strike 1-2: Strikes out swinging
|
Batting: RHB Kauto Jarvi
|
0-0: Swinging Strike 0-1: Called Strike 0-2: Ball 1-2: Ball 2-2: Foul Ball, location: 2F 2-2: Strikes out looking
|
Batting: LHB Gene Haber
|
0-0: Ground out 6-3 (Groundball, 4MD, EV 85.0 MPH)
|
Top of the 1st over - 0 runs, 1 hit, 0 errors, 1 left on base; Amarillo 0 - Tulsa 0 |
BOTTOM OF THE 1ST |
Tulsa Otters batting - Pitching for Amarillo Warheads : RHP Denzel Halford
|
Pitching: RHP Denzel Halford
|
|
Batting: LHB Jason Bowers
|
0-0: Ground out 4-3 (Groundball, 4D, EV 86.2 MPH)
|
Batting: LHB Bill Shannon
|
0-0: Foul Ball, location: 2F 0-1: Fly out, F9 (Line Drive, 9, EV 106.9 MPH)
|
Batting: RHB Bake McBride
|
0-0: Called Strike 0-1: Foul Ball, location: 2F 0-2: Ball 1-2: Foul Ball, location: 2F 1-2: SINGLE (Line Drive, 4D, EV 99.4 MPH)
|
Batting: RHB Kane Blackwood
|
0-0: Fly out, F7 (Flyball, 7S, EV 80.0 MPH)
|
Bottom of the 1st over - 0 runs, 1 hit, 0 errors, 1 left on base; Amarillo 0 - Tulsa 0 |
TOP OF THE 2ND |
Amarillo Warheads batting - Pitching for Tulsa Otters : RHP Chang-ho Kim
|
Batting: LHB Carlos Fuentes
|
0-0: Ball 1-0: Called Strike 1-1: Foul Ball, location: 2F 1-2: Ball 2-2: Ball 3-2: Strikes out swinging
|
Batting: RHB José Serrano
|
0-0: Called Strike 0-1: Called Strike 0-2: Fly out, F7 (Flyball, 78M, EV 84.4 MPH)
|
Batting: LHB Pedro Ramírez
|
0-0: Ball 1-0: Fly out, F8 (Flyball, 8LD, EV 102.5 MPH)
|
Top of the 2nd over - 0 runs, 0 hits, 0 errors, 0 left on base; Amarillo 0 - Tulsa 0 |
BOTTOM OF THE 2ND |
Tulsa Otters batting - Pitching for Amarillo Warheads : RHP Denzel Halford
|
Batting: RHB Dane Ingleby
|
0-0: Ball 1-0: Ball 2-0: Foul Ball, location: 2F 2-1: Foul Ball, location: 2F 2-2: Strikes out swinging
|
Batting: RHB Ethan Lewis
|
0-0: Ball 1-0: Called Strike 1-1: Ball 2-1: Foul Ball, location: 2F 2-2: Ball 3-2: Strikes out swinging
|
Batting: RHB Stephen Ledesma
|
0-0: Ball 1-0: SOLO HOME RUN (Flyball, 7D, EV 98.1 MPH), Distance : 377 ft
|
Batting: LHB Ed Hicks
|
0-0: Ball 1-0: Foul Ball, location: 2F 1-1: Foul Ball, location: 2F 1-2: SINGLE (Groundball, 4, EV 96.9 MPH)
|
Batting: RHB Enreecko Dalusag
|
0-0: Ball 1-0: Ball 2-0: Swinging Strike 2-1: Ground out 5-3 (Groundball, 5S, EV 88.8 MPH)
|
Bottom of the 2nd over - 1 run, 2 hits, 0 errors, 1 left on base; Amarillo 0 - Tulsa 1 |
TOP OF THE 3RD |
Amarillo Warheads batting - Pitching for Tulsa Otters : RHP Chang-ho Kim
|
Batting: SHB James Gray
|
0-0: Ball 1-0: Foul Ball, location: 2F 1-1: SINGLE (Groundball, 34D, EV 106.2 MPH)
|
Batting: RHB António Espinoza
|
0-0: Called Strike James Gray steals 2nd base 0-1: Fly out, F7 (Flyball, 78M, EV 93.1 MPH)
|
Batting: LHB Alejandro Suárez
|
0-0: Ball 1-0: Foul Ball, location: 2F 1-1: Ball 2-1: Ball 3-1: Ground out U3 (Groundball, 3, EV 105.6 MPH) James Gray to third
|
Batting: RHB Danny Fox
|
0-0: Ball 1-0: Called Strike 1-1: Swinging Strike 1-2: Strikes out swinging
|
Top of the 3rd over - 0 runs, 1 hit, 0 errors, 1 left on base; Amarillo 0 - Tulsa 1 |
BOTTOM OF THE 3RD |
Tulsa Otters batting - Pitching for Amarillo Warheads : RHP Denzel Halford
|
Batting: LHB Jason Bowers
|
0-0: Foul Ball, location: 2F 0-1: Ball 1-1: Ball 2-1: Swinging Strike 2-2: Foul Ball, location: 2F 2-2: Foul Ball, location: 2F 2-2: Foul Ball, location: 2F 2-2: Ground out 4-3 (Groundball, 4, EV 86.2 MPH)
|
Batting: LHB Bill Shannon
|
0-0: Ball 1-0: DOUBLE (Line Drive, 7LM, EV 94.4 MPH)
|
Batting: RHB Bake McBride
|
0-0: Ball 1-0: Foul Ball, location: 2F 1-1: SINGLE (Groundball, 56D, EV 101.2 MPH) Bill Shannon to third Runner from 3rd tries for Home, SAFE, throw by LF to home
|
Batting: RHB Kane Blackwood
|
0-0: Foul Ball, location: 2F 0-1: Ball 1-1: SINGLE (Flyball, 8RS, EV 88.1 MPH) Bake McBride to second Runner from 2nd tries for 3rd, SAFE, no throw by CF
|
Batting: RHB Dane Ingleby
|
0-0: Fly out, F8 (Flyball, 8LS, EV 91.9 MPH)
|
Batting: RHB Ethan Lewis
|
0-0: Called Strike 0-1: Called Strike 0-2: Fly out, F8 (Flyball, 8RD, EV 93.1 MPH)
|
Bottom of the 3rd over - 1 run, 3 hits, 0 errors, 2 left on base; Amarillo 0 - Tulsa 2 |
TOP OF THE 4TH |
Amarillo Warheads batting - Pitching for Tulsa Otters : RHP Chang-ho Kim
|
Batting: RHB Kauto Jarvi
|
0-0: Ground out 6-3 (Groundball, 6, EV 88.1 MPH)
|
Batting: LHB Gene Haber
|
0-0: Ball 1-0: Ball 2-0: Fly out, F9 (Flyball, 9S, EV 88.8 MPH)
|
Batting: LHB Carlos Fuentes
|
0-0: Called Strike 0-1: Foul Ball, location: 2F 0-2: Strikes out swinging
|
Top of the 4th over - 0 runs, 0 hits, 0 errors, 0 left on base; Amarillo 0 - Tulsa 2 |
BOTTOM OF THE 4TH |
Tulsa Otters batting - Pitching for Amarillo Warheads : RHP Denzel Halford
|
Batting: RHB Stephen Ledesma
|
0-0: Called Strike 0-1: Ball 1-1: Foul Ball, location: 2F 1-2: Reached on error, E7 (Flyball, 7LM, EV 88.1 MPH)
|
Batting: LHB Ed Hicks
|
0-0: Foul Ball, location: 2F 0-1: Called Strike 0-2: Strikes out swinging
|
Batting: RHB Enreecko Dalusag
|
0-0: Ball 1-0: Foul Ball, location: 2F 1-1: Ball 2-1: Reached on error, E6 (Groundball, 6, EV 86.9 MPH) Stephen Ledesma to second
|
Batting: LHB Jason Bowers
|
0-0: Ball 1-0: Foul Ball, location: 2F 1-1: Ball 2-1: Fly out, F8 (Line Drive, 8RD, EV 96.9 MPH)
|
Batting: LHB Bill Shannon
|
0-0: Ball 1-0: Called Strike 1-1: Called Strike 1-2: Ball 2-2: Fly out, F8 (Line Drive, 8RD, EV 88.8 MPH)
|
Bottom of the 4th over - 0 runs, 0 hits, 2 errors, 2 left on base; Amarillo 0 - Tulsa 2 |
TOP OF THE 5TH |
Amarillo Warheads batting - Pitching for Tulsa Otters : RHP Chang-ho Kim
|
Batting: RHB José Serrano
|
0-0: Called Strike 0-1: Ball 1-1: Ball 2-1: Ball 3-1: Foul Ball, location: 2F 3-2: Foul Ball, location: 2F 3-2: Foul Ball, location: 2F 3-2: Strikes out swinging
|
Batting: LHB Pedro Ramírez
|
0-0: Called Strike 0-1: Swinging Strike 0-2: Foul Ball, location: 2F 0-2: Strikes out looking
|
Batting: SHB James Gray
|
0-0: Swinging Strike 0-1: Called Strike 0-2: Strikes out swinging
|
Top of the 5th over - 0 runs, 0 hits, 0 errors, 0 left on base; Amarillo 0 - Tulsa 2 |
BOTTOM OF THE 5TH |
Tulsa Otters batting - Pitching for Amarillo Warheads : RHP Denzel Halford
|
Batting: RHB Bake McBride
|
0-0: Called Strike 0-1: Ball 1-1: Called Strike 1-2: Fly out, F7 (Flyball, 7D, EV 93.8 MPH)
|
Batting: RHB Kane Blackwood
|
0-0: Swinging Strike 0-1: Ball 1-1: Fly out, F8 (Flyball, 89D, EV 104.4 MPH)
|
Batting: RHB Dane Ingleby
|
0-0: Called Strike 0-1: Called Strike 0-2: Ball 1-2: Ground out 6-3 (Groundball, 56, EV 98.8 MPH)
|
Bottom of the 5th over - 0 runs, 0 hits, 0 errors, 0 left on base; Amarillo 0 - Tulsa 2 |
TOP OF THE 6TH |
Amarillo Warheads batting - Pitching for Tulsa Otters : RHP Chang-ho Kim
|
Batting: RHB António Espinoza
|
0-0: Ground out 6-3 (Groundball, 6, EV 90.6 MPH)
|
Batting: LHB Alejandro Suárez
|
0-0: Called Strike 0-1: Swinging Strike 0-2: Ball 1-2: Fly out, F8 (Line Drive, 8RM, EV 88.8 MPH)
|
Batting: RHB Danny Fox
|
0-0: Ground out U3 (Groundball, 3, EV 100.6 MPH)
|
Top of the 6th over - 0 runs, 0 hits, 0 errors, 0 left on base; Amarillo 0 - Tulsa 2 |
BOTTOM OF THE 6TH |
Tulsa Otters batting - Pitching for Amarillo Warheads : RHP Denzel Halford
|
Batting: RHB Ethan Lewis
|
0-0: Ball 1-0: Ball 2-0: Called Strike 2-1: Foul Ball, location: 2F 2-2: Foul Ball, location: 2F 2-2: Ground out 4-3 (Groundball, 4S, EV 75.6 MPH)
|
Pitching: RHP Markus McCandles
|
|
Batting: RHB Stephen Ledesma
|
0-0: Ground out 6-3 (Groundball, 6, EV 89.4 MPH)
|
Batting: LHB Ed Hicks
|
0-0: Called Strike 0-1: Ball 1-1: Fly out, F8 (Flyball, 78D, EV 93.1 MPH)
|
Bottom of the 6th over - 0 runs, 0 hits, 0 errors, 0 left on base; Amarillo 0 - Tulsa 2 |
TOP OF THE 7TH |
Amarillo Warheads batting - Pitching for Tulsa Otters : RHP Chang-ho Kim
|
Batting: RHB Kauto Jarvi
|
0-0: Called Strike 0-1: Ball 1-1: Ball 2-1: Ground out 1-3 (Groundball, 15S, EV 68.8 MPH)
|
Batting: LHB Gene Haber
|
0-0: Swinging Strike 0-1: Foul Ball, location: 2F 0-2: Strikes out swinging
|
Batting: LHB Carlos Fuentes
|
0-0: Called Strike 0-1: Swinging Strike 0-2: Ball 1-2: Strikes out looking
|
Top of the 7th over - 0 runs, 0 hits, 0 errors, 0 left on base; Amarillo 0 - Tulsa 2 |
BOTTOM OF THE 7TH |
Tulsa Otters batting - Pitching for Amarillo Warheads : RHP Markus McCandles
|
Batting: RHB Enreecko Dalusag
|
0-0: Ball 1-0: SINGLE (Line Drive, 3D, EV 108.1 MPH)
|
Batting: LHB Jason Bowers
|
0-0: Bunted foul 0-1: Ball 1-1: Sac Bunt to 3S - play at first, batter OUT! 3-1 Enreecko Dalusag to second
|
Batting: LHB Bill Shannon
|
0-0: Intentional Walk
|
Batting: RHB Bake McBride
|
0-0: Foul Ball, location: 2F 0-1: 3-RUN HOME RUN (Flyball, 78XD, EV 97.5 MPH), Distance : 391 ft
|
Batting: RHB Kane Blackwood
|
0-0: Ball 1-0: SINGLE (Groundball, 6MD, EV 94.4 MPH)
|
Batting: RHB Dane Ingleby
|
0-0: Called Strike 0-1: Ball 1-1: Ball 2-1: DOUBLE (Line Drive, 89XD, EV 103.1 MPH) Kane Blackwood to third
|
Batting: RHB Ethan Lewis
|
0-0: Ball 1-0: Ball 2-0: Called Strike 2-1: Ball 3-1: Base on Balls
|
Batting: RHB Stephen Ledesma
|
0-0: Called Strike 0-1: Ball 1-1: Ball 2-1: Foul Ball, location: 2F 2-2: Ball 3-2: Foul Ball, location: 2F 3-2: Strikes out swinging
|
Batting: LHB Ed Hicks
|
0-0: Ball 1-0: Ground out U3 (Groundball, 13, EV 89.4 MPH)
|
Bottom of the 7th over - 3 runs, 4 hits, 0 errors, 3 left on base; Amarillo 0 - Tulsa 5 |
TOP OF THE 8TH |
Amarillo Warheads batting - Pitching for Tulsa Otters : RHP Chang-ho Kim
|
Batting: RHB José Serrano
|
0-0: Ball 1-0: Called Strike 1-1: Called Strike 1-2: SINGLE (Groundball, 6MD, EV 100.6 MPH)
|
Batting: LHB Pedro Ramírez
|
0-0: Ball 1-0: Ball 2-0: Ball 3-0: Called Strike 3-1: Base on Balls José Serrano to second
|
Pinch Hitting: RHB Armando González
|
0-0: Called Strike 0-1: Ball 1-1: Swinging Strike 1-2: Ball 2-2: Foul Ball, location: 2F 2-2: Grounds into double play, 4-6-3 (Groundball, 13, EV 90.6 MPH) José Serrano to third
|
Batting: RHB António Espinoza
|
0-0: Called Strike 0-1: Swinging Strike 0-2: Ball 1-2: Strikes out swinging
|
Top of the 8th over - 0 runs, 1 hit, 0 errors, 1 left on base; Amarillo 0 - Tulsa 5 |
BOTTOM OF THE 8TH |
Tulsa Otters batting - Pitching for Amarillo Warheads : RHP Markus McCandles
|
Now at 3B: Armando González
|
|
Batting: RHB Enreecko Dalusag
|
0-0: Ball 1-0: Ground out 6-3 (Groundball, 6, EV 83.8 MPH)
|
Batting: LHB Jason Bowers
|
0-0: Ball 1-0: Foul Ball, location: 2F 1-1: Ball 2-1: Ball 3-1: Foul Ball, location: 2F 3-2: Strikes out swinging
|
Batting: LHB Bill Shannon
|
0-0: Ball 1-0: DOUBLE (Line Drive, 9LM, EV 96.9 MPH)
|
Batting: RHB Bake McBride
|
0-0: Called Strike 0-1: Foul Ball, location: 2F 0-2: Strikes out swinging
|
Bottom of the 8th over - 0 runs, 1 hit, 0 errors, 1 left on base; Amarillo 0 - Tulsa 5 |
TOP OF THE 9TH |
Amarillo Warheads batting - Pitching for Tulsa Otters : RHP Chang-ho Kim
|
Batting: LHB Alejandro Suárez
|
0-0: Called Strike 0-1: Swinging Strike 0-2: Fly out, F7 (Flyball, 7LS, EV 90.6 MPH)
|
Pitching: RHP Alejandro Garza
|
|
Batting: SHB Ted Vázquez
|
0-0: Called Strike 0-1: Ball 1-1: Foul Ball, location: 2F 1-2: SINGLE (Groundball, P, EV 85.6 MPH) (infield hit)
|
Batting: RHB Kauto Jarvi
|
0-0: Called Strike 0-1: Called Strike 0-2: Foul Ball, location: 2F 0-2: Fly out, F3 (Popup, 3SF, EV 81.2 MPH)
|
Batting: LHB Gene Haber
|
0-0: Called Strike 0-1: Foul Ball, location: 2F 0-2: Strikes out looking
|
Top of the 9th over - 0 runs, 1 hit, 0 errors, 1 left on base; Amarillo 0 - Tulsa 5 |
|